 Dungeon Crawl Stone Soup version 0.17.1-1-g73c8601 (webtiles) character file.

63 Implojin the Chopper (level 3, -5/46 HPs)
             Began as a Minotaur Berserker on Apr 9, 2016.
             Was a Believer of Trog.
             Killed from afar by Natasha (12 damage)
             ... with a wand of flame
             ... on level 3 of the Dungeon.
             The game lasted 00:02:43 (470 turns).

Implojin the Chopper (Minotaur Berserker)            Turns: 470, Time: 00:02:43

Health: -5/46      AC: 13    Str: 26    XL:     3   Next: 87%
Magic:  2/2        EV:  7    Int:  4    God:    Trog [**....]
Gold:   20         SH:  0    Dex: 10    Spells: 0 memorised, 2 levels left

rFire  . . .     SeeInvis .     a - +0 hand axe
rCold  + . .     Clarity  .     i - +2 plate armour {rC+}
rNeg   . . .     SustAt   .     (no shield)
rPois  .         Gourm    .     (helmet restricted)
rElec  .         Spirit   .     (no cloak)
rCorr  .         Warding  .     (no gloves)
rMut   .         Stasis   .     (no boots)
MR     +....                    h - amulet of inaccuracy (curse)
Stlth  ..........               (no ring)
                                b - ring of protection from magic (curse)

@: berserking, very quick, somewhat resistant to hostile enchantments, extremely
unstealthy
A: retaliatory headbutt, horns 2
a: Berserk, Trog's Hand, Burn Spellbooks, Renounce Religion


You were on level 3 of the Dungeon.
You worshipped Trog.
Trog was pleased with you.
You were not hungry.

You visited 1 branch of the dungeon, and saw 3 of its levels.

You collected 20 gold pieces.

Inventory:

Hand Weapons
 a - a +0 hand axe (weapon)
Missiles
 d - 8 javelins of penetration (quivered)
Armour
 i - a +2 plate armour of cold resistance (worn)
Jewellery
 b - a cursed ring of protection from magic (left hand)
 h - a cursed amulet of inaccuracy (around neck)
Potions
 e - a potion of flight
 f - a potion of poison
 g - a potion of invisibility {unknown}
Comestibles
 c - a bread ration
 j - 3 chunks of flesh


   Skills:
 - Level 3.6 Fighting
 * Level 5.8 Axes
 - Level 2.4 Armour
 - Level 2.1 Dodging


You had 2 spell levels left.
You didn't know any spells.

Dungeon Overview and Level Annotations

Branches:
Dungeon (3/15)

Altars:

Annotations:
D:3 Natasha


Innate Abilities, Weirdness & Mutations

You reflexively headbutt those who attack you in melee.
You have a pair of horns on your head.


Message History

The adder is severely wounded.
The adder bites you but does no damage.
You closely miss the adder. Your headbutt misses the adder.
The adder is severely wounded.
The adder barely misses you.
You miss the adder.
You headbutt the adder, but do no damage.
The adder is severely wounded.
The adder closely misses you. You furiously retaliate!
You headbutt the adder!
You kill the adder!
Trog accepts your kill. As you open the door, it creaks loudly!
A giant gecko comes into view.
You hear an angry hiss.
The giant gecko barely misses you. The giant gecko bites you.
* * * LOW HITPOINT WARNING * * *
Natasha, Servant of Life and Death comes into view.
There is an open door here.
You open the door. The giant gecko closely misses you. You furiously retaliate!
You headbutt the giant gecko, but do no damage.
The giant gecko bites you but does no damage.
There is an open door here.
You miss the giant gecko.
The giant gecko bites you but does no damage.
You barely miss the giant gecko. You headbutt the giant gecko.
The giant gecko is moderately wounded.
The giant gecko bites you.
* * * LOW HITPOINT WARNING * * *
The giant gecko bites you but does no damage.
You miss the giant gecko. You headbutt the giant gecko.
You kill the giant gecko!
Trog accepts your kill.
Natasha zaps a wand.
The puff of flame hits you!
* * * LOW HITPOINT WARNING * * *
It is a wand of flame.
Natasha zaps a wand.
The puff of flame hits you!
A red film seems to cover your vision as you go berserk!
You feel yourself moving faster!
You feel mighty!
You feel somewhat more hungry.
Natasha zaps a wand.
The puff of flame hits you!
You die...

#................# ##.#
##....##...#####.# #..#
#.#.####### #.# #..# .. #.#
#.####.†# ## #.#
#####.....(.#####. ##'##
#.........))†).... ##...##
#.###..##..###.### ##.....##
#.###..##..# #.# ##.......##
#@#.#.(.#..# #.#
#.........###...<#..........
+........h'†h...............
#.........###..........##..#.
##.......## ###.#.#.#####..##
##.....## ###.### ##...## #.#
##'## .# #.# .#


You could see Natasha.

Vanquished Creatures
  Robin (D:3)
  2 adders
  2 giant geckos
  5 hobgoblins (D:3)
  3 kobolds
  3 bats
  12 goblins
28 creatures vanquished.

Notes
Turn   | Place    | Note
--------------------------------------------------------------
     0 | D:1      | Implojin the Minotaur Berserker began the quest for the Orb.
     0 | D:1      | Reached XP level 1. HP: 19/19 MP: 0/0
    97 | D:1      | Reached skill level 4 in Axes
   262 | D:2      | Reached XP level 2. HP: 24/26 MP: 1/1
   366 | D:3      | Reached skill level 5 in Axes
   367 | D:3      | Noticed Robin
   374 | D:3      | Reached XP level 3. HP: 14/31 MP: 2/2
   378 | D:3      | Reached ** piety under Trog
   383 | D:3      | Killed Robin
   456 | D:3      | Noticed Natasha
   470 | D:3      | Killed from afar by Natasha

Action                   || total
-------------------------++-------
Melee: Hand axe          ||    72
Invok: Berserk           ||     2
  Use: Scroll            ||     3
 Stab: Sleeping          ||     1

Table legend:
 A = Turns spent in this place as a percentage of turns spent in the entire game.
 B = Non-inter-level travel turns spent in this place as a percentage of non-inter-level travel turns spent in the entire game.
 C = Inter-level travel turns spent in this place as a percentage of turns spent in this place.
 D = Turns resting spent in this place as a percentage of non-inter-level travel turns spent in this place.
 E = Turns spent auto-exploring this place as a percentage of non-inter-level travel turns spent in this place.
 F = Non-inter-level travel turns spent in this place divided by the number of levels of this place that you've seen.
                   A       B       C       D       E      F
               +-------+-------+-------+-------+-------+----------------------
         Total | 100.0 | 100.0 |   0.0 |   0.5 |   0.0 | 144.0
       Dungeon | 100.0 | 100.0 |   0.0 |   0.5 |   0.0 | 144.0
               +-------+-------+-------+-------+-------+----------------------

Table legend:
 A = Kills in this place as a percentage of kills in entire the game.
 B = Kills by you in this place as a percentage of kills by you in the entire game.
 C = Kills by friends in this place as a percentage of kills by friends in the entire game.
 D = Other kills in this place as a percentage of other kills in the entire game.
 E = Experience gained in this place as a percentage of experience gained in the entire game.
 F = Experience gained in this place divided by the number of levels of this place that you have seen.
                   A       B       C       D       E      F
               +-------+-------+-------+-------+-------+----------------------
         Total | 100.0 | 100.0 |  -nan |  -nan | 100.0 |  30.0
       Dungeon | 100.0 | 100.0 |  -nan |  -nan | 100.0 |  30.0
               +-------+-------+-------+-------+-------+----------------------
